 Dungeon Crawl Stone Soup version 0.20.1-1-g8b1a95d (webtiles) character file.

81 raph the Chiller (level 4, -2/31 HPs)
             Began as a Merfolk Ice Elementalist on Sept 27, 2017.
             Was an Initiate of Ashenzari.
             Slain by Grinder (3 damage)
             ... while paralysed by Grinder
             ... on level 3 of the Dungeon.
             The game lasted 00:06:09 (2588 turns).

raph the Chiller (Merfolk Ice Elementalist)         Turns: 2588, Time: 00:06:09

Health: -2/31      AC:  9    Str:  8    XL:     4   Next: 42%
Magic:  2/7        EV:  2    Int: 15    God:    Ashenzari [......]
Gold:   49         SH:  0    Dex: 14    Spells: 1/7 levels left

rFire    + . .     SeeInvis .   q - +0 spear
rCold    . . .     Gourm    .   (no shield)
rNeg     . . .     Faith    .   a - +0 robe
rPois    .         Spirit   .   (no helmet)
rElec    .         Reflect  .   (no cloak)
rCorr    .         Harm     .   g - +0 pair of gloves
MR       .....                  k - +0 pair of boots
Stlth    ++........             (no amulet)
Regen    0.1/turn               o - ring of protection from fire
MPRegen  0.1/turn               (no ring)

@: paralysed, icy armour, very slightly contaminated, slow
A: change form in water, swift swim, stealthy swim
a: Curse Item, Renounce Religion


You were on level 3 of the Dungeon.
You worshipped Ashenzari.
Ashenzari was noncommittal.
You were very hungry.

You visited 1 branch of the dungeon, and saw 3 of its levels.

You collected 49 gold pieces.

Inventory:

Hand Weapons
 l - a +0 dagger
 q - a +0 spear (weapon)
Missiles
 t - 160 stones (quivered)
Armour
 a - a +0 robe (worn)
 g - a +0 pair of gloves (worn)
 h - a +0 leather armour
 k - a +0 pair of boots (worn)
Jewellery
 o - a ring of protection from fire (left hand)
Scrolls
 f - a scroll of magic mapping {unknown}
 m - a scroll of random uselessness {unknown}
 n - 2 scrolls of teleportation {unknown}
 p - a scroll of enchant weapon {unknown}
 s - 3 scrolls of identify {unknown}
 u - a scroll of remove curse
 v - a scroll of immolation {unknown}
Potions
 e - a potion of haste {unknown}
 i - a potion of berserk rage {unknown}
 j - 2 potions of cancellation {unknown}
 w - a potion of brilliance {unknown}
 x - a potion of curing {unknown}
Books
 b - a book of Frost

   Spells                             Type                      Level
   a - Freeze                         Ice                          1
   b - Throw Frost                    Conjuration/Ice              2
   c - Ozocubu's Armour               Charms/Ice                   3
   d - Throw Icicle                   Conjuration/Ice              4
   e - Summon Ice Beast               Ice/Summoning                4
Comestibles
 c - 2 bread rations
 d - 9 fruits
 r - a royal jelly


   Skills:
 + Level 0.4 Fighting
 * Level 1.1 Polearms
 + Level 3.6 Dodging
 - Level 2.9 Stealth
 + Level 2.2 Spellcasting
 - Level 0.7 Conjurations
 + Level 1.0 Charms
 + Level 4.1 Ice Magic


You had one spell level left.
You knew the following spells:

 Your Spells              Type           Power        Failure   Level  Hunger
a - Freeze                Ice            ##..         4%          1    #......
b - Throw Frost           Conj/Ice       #.....       12%         2    ###....
c - Ozocubu's Armour      Chrm/Ice       #.......     22%         3    ###....


Dungeon Overview and Level Annotations

Branches:
Dungeon (3/15)

Altars:
Ashenzari
Elyvilon
Gozag
Hepliaklqana
Trog
Vehumet

Annotations:
D:3 Grinder


Message History

Attack whom?
Press: ? - help, Dir - move target cursor, f - Grinder
Aim: Grinder (lightly wounded)
You reach to attack!
You hit Grinder but do no damage.
Grinder is lightly wounded.
Grinder says, "Are you a fish?"
Attack whom?
Press: ? - help, Dir - move target cursor, f/p - Grinder
Aim: Grinder (lightly wounded)
You hit Grinder.
Grinder is lightly wounded.
Grinder gestures at you.
You suddenly lose the ability to move!
Grinder hits you.
You writhe in agony.
Grinder hits you.
* * * LOW HITPOINT WARNING * * *
You writhe in agony.
* * * LOW HITPOINT WARNING * * *
Grinder hits you.
You die...

###.>#.....#
#.##)#####
#......#
####.#.#
#.#.# #.#.#
#.#.#
#.#†####..#
#.5@......#
#.#.#####$#
#.#.# . ...
##.....
....>..
##.>...##
......#
########


You could see Grinder.

Vanquished Creatures
  2 adders (D:2)
  An ooze (D:1)
  A worm (D:2)
  2 dart slugs (D:2)
  3 leopard geckos
  A giant cockroach (D:2)
  5 goblins
  12 hobgoblins
  A quokka (D:2)
  2 ball pythons
  8 bats
  2 frilled lizards
  3 kobolds (D:2)
  5 rats
48 creatures vanquished.

Notes
Turn   | Place    | Note
-------+----------+-------------------------------------------
     0 | D:1      | raph the Merfolk Ice Elementalist began the quest for the Orb.
     0 | D:1      | Reached XP level 1. HP: 13/13 MP: 3/3
    79 | D:1      | Reached XP level 2. HP: 16/19 MP: 0/5
   775 | D:1      | Reached XP level 3. HP: 24/24 MP: 2/6
   823 | D:1      | Learned a level 2 spell: Throw Frost
   827 | D:1      | Learned a level 3 spell: Ozocubu's Armour
  1561 | D:2      | Found an opulent altar of Gozag.
  1561 | D:2      | Found a shattered altar of Ashenzari.
  1647 | D:2      | Found a hazy altar of Hepliaklqana.
  1650 | D:2      | Found a radiant altar of Vehumet.
  1652 | D:2      | Found a bloodstained altar of Trog.
  1653 | D:2      | Found a white marble altar of Elyvilon.
  1662 | D:2      | Became a worshipper of Ashenzari the Shackled
  1924 | D:2      | Reached skill level 4 in Ice Magic
  1971 | D:2      | Reached skill level 1 in Charms
  1971 | D:2      | Reached XP level 4. HP: 27/30 MP: 0/7
  2126 | D:2      | Found a bloodstained altar of Trog.
  2380 | D:2      | Reached skill level 1 in Polearms
  2570 | D:3      | Noticed Grinder
  2579 | D:3      | Paralysed by Grinder for 3 turns
  2585 | D:3      | Paralysed by Grinder for 7 turns
  2587 | D:3      | HP: 1/31 [Grinder (6)]
  2588 | D:3      | Slain by Grinder

Skill      XL: |  1  2  3  4 |
---------------+-------------+-----
Dodging        | 3 |  3.6
Ice Magic      | 4 |  4.1
Charms         | 1 |  1.0
Polearms       | 1 |  1.1
Fighting       | |  0.4
Stealth        | |  2.9
Spellcasting   | |  2.2
Conjurations   | |  0.7

Action                   |  1- 3 |  4- 6 || total
-------------------------+-------+-------++-------
Melee: Unarmed           |     6 |       ||     6
       Dagger            |    21 |       ||    21
       Spear             |    26 |    71 ||    97
 Cast: Freeze            |    42 |     7 ||    49
       Ozocubu's Armour  |     3 |     2 ||     5
       Throw Frost       |     1 |       ||     1
 Stab: Sleeping          |     1 |       ||     1
  Eat: Chunk             |     4 |     2 ||     6
Armor: Robe              |    26 |    22 ||    48
Dodge: Dodged            |    71 |    88 ||   159
